Map: Rifts to Korhal

Players

Aspirinus

  • Race: Terran Terran
  • League: Silver
  • Spawn Location: 7:00

NamroodTuo

  • Race: Terran Terran
  • Spawn Location: 7:00

VOD

Have the link to the VOD?

Description

Time

  • Played on: May 19, 2023, 2:23 a.m.
  • Length: 18:58
Show
View Real Time Build Order
Export as new Build Order

Aspirinus Terran 

Build Orders:  

Get SALT Encoding   

  12  0:03  SCV  
  13  0:20  SCV  
  14  0:31  Barracks  
  14  0:42  Refinery  
  14  0:46  SCV  
  15  1:07  Supply Depot  
  15  1:10  SCV  
  16  1:20  Refinery  
  16  1:37  Barracks Tech Lab  
  16  1:44  Barracks  
  16  1:57  SCV  
  17  2:03  Marauder  
  17  2:04  Concussive Shells  
  19  2:14  SCV  
  20  2:35  Marauder  
  22  2:45  Supply Depot  
  22  2:47  SCV  
  23  2:59  Marauder  
  23  3:04  Barracks Tech Lab  
  25  3:31  Marauder x2  
  29  3:50  Medic  
  29  3:55  Stabilizer Medpacks  
  31  4:03  Medic, Supply Depot  
  33  4:15  Medic  
  35  4:35  Marauder x2  
  39  4:45  Engineering Bay  
  39  4:55  Supply Depot  
  39  4:58  SCV  
  40  5:23  Terran Infantry Armor Level 1  
  40  6:09  Engineering Bay  
  40  6:14  Orbital Command  
  40  6:25  Marauder x2  
  44  6:37  Supply Depot  
  44  6:38  Marauder x2  
  46  8:03  Unknown  
  46  8:05  Medic x2  
  50  8:44  Terran Infantry Weapons Level 1  
  50  8:50  Factory  
  50  9:10  SCV  
  51  9:27  SCV  
  51  9:28  Command Center  
  52  9:44  SCV  
  53  10:01  SCV  
  54  10:36  SCV  
  55  10:41  Armory  
  55  11:05  Medic x2  
  55  11:08  SCV  
  61  11:46  Supply Depot  
  61  11:47  Supply Depot  
  61  11:49  Supply Depot  
  60  11:50  Orbital Command  
  60  11:53  SCV  
  61  12:10  SCV  
  62  12:27  SCV  
  63  12:44  SCV  
  63  12:45  Marauder  
  63  12:46  Marauder  
  68  12:55  SCV  
  68  12:58  Marauder  
  68  12:59  Marauder  
  69  13:01  SCV  
  74  13:11  Marauder x2  
  74  13:12  SCV  
  79  13:26  Marine  
  79  13:27  Marine  
  79  13:29  SCV  
  82  13:36  Marine  
  82  13:37  Marine  
  83  13:46  SCV, Marine  
  83  13:47  Marine  
  86  13:57  Marine x2  
  86  14:03  SCV  
  86  14:07  Marine x2  
  88  14:37  SCV  
  89  14:41  Refinery  
  89  14:42  SCV  
  90  14:54  SCV  
  90  14:59  SCV  
  89  15:11  SCV  
  89  15:16  SCV  
  91  15:28  SCV  
  92  15:33  SCV  
  76  15:45  SCV  
  49  15:50  SCV  
  50  16:08  Marauder x2  
  46  16:20  Barracks, Marauder  
  46  16:21  Marauder  
  46  16:22  Barracks  
  46  16:33  Marauder  
  46  16:34  Marauder  
  50  16:45  SCV  
  50  16:46  Marauder x2  
  55  16:51  Refinery  
  55  16:53  SCV  
  55  16:59  Marauder x2  
  56  17:02  SCV  
  56  17:03  Supply Depot  
  56  17:05  Supply Depot x2  
  56  17:06  Supply Depot  
  59  17:10  SCV  
  59  17:17  Barracks Tech Lab x2  
  59  17:19  SCV  
  61  17:44  Marine x4  
  65  17:54  Marine x4  
  69  18:04  Marine  
  69  18:05  Marine  
Show
View Real Time Build Order
Export as new Build Order

NamroodTuo Terran 

Build Orders:  

Get SALT Encoding   

  12  0:07  SCV  
  13  0:20  SCV  
  14  0:30  Supply Depot  
  14  0:34  SCV  
  15  0:49  SCV  
  16  0:51  Refinery  
  16  1:06  SCV  
  17  1:25  Factory  
  17  1:29  SCV  
  18  1:40  Engineering Bay  
  18  1:55  SCV  
  19  2:27  Perdition Turret  
  19  2:42  Refinery  
  19  2:44  SCV  
  19  2:48  Perdition Turret  
  20  3:01  Perdition Turret  
  20  3:16  Devastation Turret  
  20  3:18  Perdition Turret x2  
  19  3:22  Perdition Turret  
  19  3:35  Perdition Turret  
  19  3:36  Perdition Turret  
  19  3:38  Perdition Turret  
  19  3:41  Perdition Turret  
  19  3:54  Armory, Perdition Turret  
  19  3:57  Perdition Turret  
  19  4:06  Devastation Turret  
  19  4:11  SCV  
  19  4:15  Perdition Turret  
  20  4:26  Perdition Turret  
  20  4:30  SCV  
  21  4:44  SCV  
  21  4:48  Perdition Turret  
  22  5:01  Upgrade Laser Drill Level 1  
  22  5:07  Perdition Turret  
  22  5:08  Perdition Turret  
  22  5:09  Perdition Turret  
  22  5:10  SCV  
  22  5:12  Perdition Turret  
  22  5:13  Perdition Turret  
  23  5:28  Supply Depot  
  23  5:47  SCV  
  23  5:48  Hellion, Perdition Turret  
  26  5:50  Supply Depot  
  26  6:08  SCV  
  27  6:15  Perdition Turret  
  27  6:16  Perdition Turret  
  27  6:17  Perdition Turret  
  27  6:21  SCV  
  28  6:34  Perdition Turret  
  26  6:46  Regenerative Bio-Steel  
  26  6:51  Starport  
  26  6:53  SCV  
  26  6:58  Perdition Turret x2  
  27  7:07  SCV  
  28  7:13  Spinning Dizzy  
  28  7:20  SCV  
  29  7:34  Devastation Turret  
  29  8:02  Upgrade Laser Drill Level 2  
  29  8:06  Starport Tech Reactor  
  29  8:11  Starport  
  29  8:16  Advanced Optics  
  29  8:18  Perdition Turret  
  29  8:19  SCV, Perdition Turret, Supply Depot  
  29  8:26  Perdition Turret  
  30  8:32  Perdition Turret  
  30  8:37  Perdition Turret  
  30  8:44  Supply Depot  
  30  8:46  Perdition Turret  
  30  8:48  Pulse Amplifier  
  30  8:57  Perdition Turret  
  30  9:00  Perdition Turret  
  30  9:06  Supply Depot  
  30  9:08  Starport Tech Reactor  
  30  9:21  Supply Depot  
  30  9:22  Perdition Turret  
  30  9:23  Perdition Turret  
  29  9:38  Perdition Turret  
  29  9:39  Perdition Turret, Supply Depot  
  29  9:41  Perdition Turret  
  29  9:45  SCV  
  29  9:48  Improved Nano-Repair  
  29  9:58  SCV  
  30  10:10  Command Center  
  30  10:12  SCV  
  30  10:14  Perdition Turret  
  30  10:16  Terran Vehicle and Ship Weapons Level 1  
  31  10:29  Fire-Suppression Systems  
  31  10:38  Devastation Turret  
  31  10:41  Wraith  
  33  10:55  Spinning Dizzy  
  33  11:11  Perdition Turret  
  33  11:18  Displacement Field  
  33  11:22  Wraith  
  35  11:37  Wraith  
  35  11:52  KMC Auto-Loaders  
  35  11:56  Science Vessel  
  37  12:07  Perdition Turret x2  
  37  12:11  Devastation Turret  
  37  12:18  Defensive Matrix  
  37  12:31  SCV  
  38  12:41  Devastation Turret  
  38  12:45  SCV  
  39  12:56  Terran Vehicle And Ship Armor Level 1  
  39  12:59  SCV  
  39  13:14  Perdition Turret  
  37  13:21  Perdition Turret x2  
  37  13:47  Perdition Turret  
  37  14:01  Perdition Turret  
  37  14:02  Perdition Turret  
  37  14:06  Wraith x4  
  45  14:14  Perdition Turret  
  43  14:23  Hellion  
  45  14:38  Spinning Dizzy  
  45  14:42  Devastation Turret  
  45  14:46  Wraith x3  
  51  14:57  Spinning Dizzy  
  39  15:46  Wraith  
  39  15:47  Science Vessel, Wraith x2  
  43  16:17  Devastation Turret  
  43  16:26  Wraith x2  
  43  16:27  Wraith  
  49  16:31  Spinning Dizzy  
  49  16:49  Spinning Dizzy  
  42  17:17  SCV  
  41  17:22  Wraith x2  
  45  17:30  SCV  
  45  17:34  Structure Armor  
  46  17:44  SCV  
  47  17:57  SCV  
  48  18:01  SCV  
  49  18:11  SCV  
  49  18:14  SCV  
  51  18:20  Perdition Turret x2  
  51  18:24  SCV, Devastation Turret  
  51  18:28  SCV  
  53  18:41  Devastation Turret  
  53  18:42  SCV  
Tags
 
Commander
RaynorSwann
League
Silver
Matchup
Co-op
Replay Pack
Multiplayer
Add a new tag
Caveats
  • Supply blocks, unpowered buildings, or Contaminate may cause inaccurate times.
  • Supply counts are checked every 10 seconds.